AoeStats
← Yassaruda

Arena

509481304Analyzed
1v1 RM · 6d ago on Sep 26, 2026· 42m 35s· 2 players
Game mode
Random Map
Map size
Tiny (2 player)
Population
200
Speed
Normal
Resources
Standard
Victory
Conquest
Starting age
Dark Age
Ending age
Imperial Age
RankedLock teamsTeams togetherTeam positionsShared explorationLock speedFull tech treeHidden civsTurbo modeCheats
Victory
Defeat
🇦🇷 Teutons · Argentina
228
+11
🇫🇷 Cumans · France
119
-11
Yassaruda
0:32 Loom
9:29 Feudal Age
11:05 Town Watch
22:47 Castle Age
23:54 Town Patrol
26:06 Gold Mining
26:09 Stone Mining
31:44 Double-Bit Axe
42:56 Padded Archer Armor
42:47 Fletching
43:02 Scale Barding Armor
OSAMA-19
11:00 Feudal Age
12:20 Double-Bit Axe
19:32 Castle Age
21:38 Bow Saw
24:02 Stone Mining
24:04 Gold Mining
25:25 Stone Shaft Mining
26:17 Wheelbarrow
25:27 Town Watch
27:20 Scale Barding Armor
27:15 Padded Archer Armor
27:37 Padded Archer Armor
34:43 Imperial Age
32:34 Hand Cart
32:19 Town Patrol
34:51 Leather Archer Armor
34:57 Chain Barding Armor
36:28 Chemistry
35:15 Arrowslits
36:13 Ring Archer Armor
35:40 Cavalier
38:42 Two-Man Saw
39:15 Plate Barding Armor
41:01 Forging
40:41 Fletching
Connection lost

Rejoining the realm…

Still unreachable

The connection could not be restored.

Session expired

The server has moved on; the page needs a fresh start.